Map: New Repugnancy LE

Players

Throwfordays - Winner!

  • Race: Protoss Protoss
  • League: Bronze
  • Spawn Location: 7:00

Ragnar

  • Race: Terran Terran
  • League: Silver
  • Spawn Location: 1:00

VOD

Have the link to the VOD?

Description

Time

  • Played on: Feb. 2, 2019, 1:23 p.m.
  • Length: 6:53
Show
View Real Time Build Order
Export as new Build Order

Throwfordays Protoss - Winner!

Build Orders:  

Get SALT Encoding   

  12  0:00  Probe  
  13  0:12  Probe  
  14  0:18  Pylon  
  14  0:25  Probe  
  15  0:38  Probe  
  15  0:40  Gateway  
  16  0:50  Probe  
  16  0:52  Pylon  
  17  1:04  Probe  
  17  1:07  Assimilator  
  18  1:16  Probe  
  19  1:26  Cybernetics Core  
  19  1:43  Warp Gate  
  19  1:50  Probe  
  19  1:52  Zealot  
  22  2:02  Probe  
  22  2:06  Pylon  
  23  2:22  Nexus  
  23  2:25  Pylon  
  23  2:28  Adept  
  25  2:41  Gateway  
  25  2:50  Assimilator  
  25  2:56  Probe  
  26  3:05  Gateway  
  26  3:08  Probe  
  27  3:15  Gateway  
  27  3:21  Probe  
  27  3:23  Twilight Council  
  28  3:35  Forge  
  28  3:38  Probe  
  29  3:43  Probe  
  29  3:46  Probe  
  30  3:54  Probe  
  30  3:55  Probe  
  33  4:05  Probe  
  33  4:07  Probe  
  35  4:12  Protoss Ground Weapons Level 1  
  35  4:17  Probe  
  35  4:19  Probe  
  35  4:22  Resonating Glaives  
  37  4:29  Probe  
  38  4:31  Probe  
  38  4:36  Assimilator  
  39  4:39  Adept  
  39  4:40  Assimilator  
  39  4:41  Probe  
  39  4:43  Adept, Probe  
  45  4:47  Adept  
  45  4:52  Adept  
  49  4:53  Probe  
  50  5:00  Probe  
  50  5:06  Probe  
  52  5:08  Gateway  
  52  5:12  Probe  
  53  5:18  Gateway, Probe  
  53  5:19  Stalker  
  56  5:22  Stalker  
  56  5:24  Probe  
  56  5:27  Stalker  
  61  5:36  Pylon  
  61  5:39  Pylon  
  61  5:44  Robotics Facility  
  61  5:47  Robotics Facility  
  61  6:00  Pylon  
  61  6:18  Pylon, Stalker  
  61  6:19  Stalker x5  
  73  6:34  Nexus  
  73  6:40  Pylon  
Show
View Real Time Build Order
Export as new Build Order

Ragnar Terran 

Build Orders:  

Get SALT Encoding   

  12  0:02  SCV  
  13  0:14  SCV  
  14  0:26  SCV  
  15  0:36  Supply Depot  
  15  0:58  SCV  
  15  1:03  Barracks  
  17  1:11  SCV  
  17  1:16  Refinery  
  17  1:21  Refinery  
  17  1:23  SCV  
  18  1:33  Refinery  
  18  1:38  SCV  
  18  1:57  SCV  
  19  2:04  Barracks Reactor  
  19  2:09  SCV, Barracks Tech Lab  
  19  2:15  Supply Depot  
  20  2:34  Orbital Command  
  20  2:37  Supply Depot  
  20  2:46  Supply Depot  
  20  2:58  Command Center  
  20  3:05  Factory  
  20  3:16  Marauder  
  22  3:27  Supply Depot  
  22  3:37  Marauder  
  22  3:39  Supply Depot  
  24  3:46  SCV  
  25  3:58  SCV  
  26  4:03  Factory Tech Lab  
  26  4:06  Starport  
  26  4:10  SCV  
  26  4:11  Supply Depot  
  27  4:21  Armory  
  27  4:22  SCV  
  28  4:31  Orbital Command  
  28  4:34  SCV, Marauder  
  31  4:43  Cyclone  
  34  4:49  Mag-Field Accelerator  
  34  4:58  SCV  
  35  5:10  SCV  
  36  5:21  Armory  
  36  5:22  SCV, Factory  
  37  5:33  Engineering Bay  
  37  5:34  SCV  
  38  5:37  Starport Reactor  
  38  5:46  Cyclone  
  41  5:54  Reaper  
  42  6:04  SCV  
  36  6:16  SCV  
  38  6:27  Marauder  
  38  6:29  SCV  
  44  6:41  SCV  
Tags
 
Add a new tag
Caveats
  • Supply blocks, unpowered buildings, or Contaminate may cause inaccurate times.
  • Supply counts are checked every 10 seconds.